 Dungeon Crawl Stone Soup version 0.24.0-1-gfbc8707 (webtiles) character file.

Game seed: 14453037554242744043, levelgen mode: deterministic

85240 sanboga the Peltast (level 15, -5/100 HPs)
             Began as a Gargoyle Berserker on Nov 1, 2019.
             Was the Champion of Trog.
             Killed by divine providence
             ... invoked by an orc priest
             ... summoned by an orange crystal statue
              (10 damage)
             ... on level 2 of the Orcish Mines.
             The game lasted 00:38:50 (20145 turns).

sanboga the Peltast (Gargoyle Berserker)           Turns: 20145, Time: 00:38:51

Health: -5/100     AC: 43    Str: 32    XL:     15   Next: 83%
Magic:  1/2        EV: 16    Int: -12 (11)God:    Trog [******]
Gold:   983        SH:  0    Dex: 19    Spells: 14/14 levels left

rFire    . . .     SeeInvis +   o - +9 broad axe (antimagic)
rCold    . . .     Gourm    .   w - +0 large shield
rNeg     + . .     Faith    .   H - +6 chain mail "Kiskad" {rCorr MP-9 Dex+7 Stlth+}
rPois    ∞         Spirit   .   C - +2 helmet {SInv}
rElec    +         Reflect  +   v - +1 cloak
rCorr    +         Harm     .   f - +1 pair of gloves {Dex+3}
MR       +....                  h - +1 pair of boots "Taqumouz" {Str+6 Dex-5}
Stlth    ..........             p - +5 amulet of reflection
HPRegen  0.26/turn              e - +5 ring of dexterity
MPRegen  0.08/turn              z - ring of Phasing {EV+8}

@: confused, flying, hasted and slowed, lost intelligence
A: big wings, molten scales 1, clever 1, negative energy resistance 1,
electricity resistance, unbreathing, petrification resistance, rot immunity,
subdued magic 1, AC +11
a: Stop Flying, Berserk, Trog's Hand, Brothers in Arms, Renounce Religion


You were on level 2 of the Orcish Mines.
You worshipped Trog.
Trog was exalted by your worship.
You were not hungry.

You visited 3 branches of the dungeon, and saw 20 of its levels.
You also visited: Gauntlet.

You collected 1620 gold pieces.
You spent 637 gold pieces at shops.

Inventory:

Hand Weapons
 o - a +9 antimagic broad axe (weapon)
 I - a +3 antimagic broad axe
Armour
 f - a +1 pair of gloves of dexterity (worn)
 h - the +1 pair of boots "Taqumouz" (worn) {Str+6 Dex-5}
   (You found it in a Gauntlet)

   It affects your strength (+6).
   It affects your dexterity (-5).
 v - a +1 cloak (worn)
 w - a +0 large shield (worn)
 C - a +2 helmet of see invisible (worn)
 H - the +6 chain mail "Kiskad" (worn) {rCorr MP-9 Dex+7 Stlth+}
   (You found it on level 6 of the Lair of Beasts)

   It affects your dexterity (+7).
   It affects your magic capacity (-9).
   It provides partial protection from all sources of acid and corrosion.
   It makes you more stealthy.
Jewellery
 e - a +5 ring of dexterity (left hand)
 p - a +5 amulet of reflection (around neck)
 y - an uncursed ring of fire
 z - the ring of Phasing (right hand) {EV+8}
   (You took it off a minotaur in a Gauntlet)

   [ring of evasion]

   It affects your evasion (+8).
 D - an uncursed ring of poison resistance {unknown}
Wands
 a - a wand of iceblast (11)
 d - a wand of flame (49)
 j - a wand of random effects (26)
 m - a wand of paralysis (11)
 r - a wand of digging (10)
 t - a wand of polymorph (13)
 x - a wand of enslavement (20)
 E - a wand of acid (5)
Scrolls
 i - 3 scrolls of remove curse
 k - 9 scrolls of teleportation
 s - a scroll of blinking
 A - a scroll of enchant armour
 B - a scroll of enchant weapon
Potions
 n - 4 potions of might
 q - a potion of mutation
 F - a potion of cancellation
 G - a potion of invisibility
Comestibles
 c - 30 rations


   Skills:
 + Level 13.8 Fighting
 * Level 15.8 Axes
 + Level 13.5 Armour
 - Level 1.5 Dodging
 * Level 15.9 Shields


You had 14 spell levels left.
You didn't know any spells.
Your spell library was empty.

Dungeon Overview and Level Annotations

Branches:
Dungeon (12/15)            Temple (0/1) D:7            Lair (6/6) D:11
  Swamp (0/4) Lair:4       Spider (0/4) Lair:2        Slime (0/5) Lair:6
    Orc (2/2) D:10            Elf (0/3) Orc:2       Gauntlet (visited)

Altars:
Cheibriados
Elyvilon
Fedhas
Gozag
Kikubaaqudgha
Makhleb
Okawaru
Qazlal
Ru
Trog
Uskayaw
Vehumet
Wu Jian
Yredelemnul
Beogh
Jiyva

Shops:
D:6 *   Orc:2 :[(}[

Annotations:
Orc:2 1 runed translucent door, exclusion: 3 orange crystal statues


Innate Abilities, Weirdness & Mutations

You are resistant to torment.
Your stone body is resilient. (AC +11)
You are immune to poison.
Your large and strong wings let you fly indefinitely.
You resist negative energy. (rN+)
You are resistant to electric shocks. (rElec)
You can survive without breathing.
You are immune to petrification.
You are immune to rotting.
You are partially covered in molten scales. (AC +2)
Your mind is acute. (Int +2)
Your spells are a little easier to cast, but a little less powerful.


Message History

Your chain mail "Kiskad" prevents you from hitting the ogre.
The orc high priest barely misses you. The ogre completely misses you.
The orc priest looks encouraged for a moment.
You bump into the stone wall.
The orange crystal statue fixes its piercing gaze on you.
The orc high priest closely misses you. The ogre barely misses you.
You bump into the stone wall.
The orange crystal statue glitters.
You are more confused.
The orange crystal statue glitters.
You are more confused.
You bump into the stone wall.
The orc high priest hits you but does no damage.
The orange crystal statue fixes its piercing gaze on you.
You feel dopey. Something feeds on your intellect! The ogre barely misses you.
The crimson imp blinks!
The orc priest invokes the aid of Beogh against you.
Beogh smites you!
You die...

_#..)...................#
.#.......####+####.....##
.#.).....#8.....8#......#
##.......#.#...#.#.....##
##.......#..$...o#......#
...#.....#...[ooo#......#
.####....#...5o3T#.....##
#.# ###..#.#.5o#O#.....##
#######..#8.5ooo@#......#
..#.##...####4####.....##
............ooo.......##
..#........######......#
..........## #.......##
..........# ##.......#
..........# ##.......#
.........## ##.......##
.......### #...#.....#


You could see 2 orange crystal statues, an orc high priest, a troll, a neqoxec,
a red devil, an orc warrior, an ogre, an orc priest, an orc wizard (invisible),
a crimson imp, a white imp, 4 orcs and an ufetubus.

Vanquished Creatures
  Saint Roka (Orc:2)
  Rupert (Lair:4)
  An orc warlord (Orc:1)
  A minotaur (Gauntlet)
  6 dire elephants (Lair:6)
  The ghost of Dinant the Martial Artist, a journeyman DsMo of Uskayaw (Orc:1)
  2 ogre magi
  3 hydras
  An anaconda (Lair:6)
  A catoblepas (Lair:4)
  12 two-headed ogres
  2 death yaks (Lair:3)
  An orc high priest (Orc:2)
  Urug (Lair:5)
  Nergalle (D:10)
  5 skeletal warriors (D:10)
  An orange crystal statue (Orc:2)
  3 orc knights
  A worldbinder (Gauntlet)
  6 orc sorcerers
  A manticore (D:11)
  An ugly thing (D:11)
  A deep elf mage (D:11)
  A cyclops (Orc:1)
  2 torpor snails
  An ice statue (Lair:6)
  16 elephants
  7 black mambas
  Joseph (Lair:1)
  A smoke demon (Gauntlet)
  10 spiny frogs
  Psyche (D:10)
  A gargoyle (D:9)
  A freezing wraith (Lair:6)
  6 komodo dragons
  4 rime drakes
  3 meliai (Gauntlet)
  3 polar bears (Lair:6)
  7 trolls
  5 slime creatures
  5 hippogriffs
  A dream sheep (Lair:2)
  14 blink frogs
  2 bog bodies (Lair:4)
  A shadow (D:11)
  8 redbacks (D:12)
  A wyvern (D:11)
  43 yaks
  3 basilisks
  2 hungry ghosts
  A warg (Orc:2)
  9 porcupines
  14 water moccasins
  2 black bears (D:8)
  A hornet zombie (D:9)
  23 orc warriors
  11 ice beasts
  4 sky beasts
  5 phantoms
  9 ogres
  3 boggarts (Gauntlet)
  10 wolves
  7 centaurs
  14 crocodiles
  11 bullfrogs
  A wyvern skeleton (D:6)
  4 scorpions
  15 wights
  5 killer bees
  A howler monkey (D:4)
  9 crimson imps
  A centaur zombie (D:11)
  A quasit (D:11)
  3 bullfrog zombies
  3 centaur skeletons
  Crazy Yiuf (D:4)
  A bullfrog skeleton (D:7)
  A gnoll shaman (D:8)
  21 orc priests
  2 hounds
  A jelly (D:10)
  36 orc wizards
  Natasha (thrice) (D:3)
  5 iguanas
  10 worker ants
  A killer bee zombie (D:10)
  2 hound skeletons
  2 worker ant zombies
  9 gnolls
  6 adders
  3 shadow imps
  2 white imps (Lair:6)
  An ooze (D:7)
  2 adder skeletons
  2 worms
  4 leopard geckos
  124 orcs
  6 bats
  A bat zombie (D:6)
  5 giant cockroaches
  9 goblins
  A hobgoblin (D:2)
  14 jackals
  5 quokkas
  4 frilled lizards
  4 kobolds
  A leopard gecko skeleton (D:6)
  4 rats
  A rat zombie (D:6)
  8 fungi
  10 plants
683 creatures vanquished.

Vanquished Creatures (collateral kills)
  A hydra (Lair:6)
  A komodo dragon (Lair:6)
  A crocodile (Lair:6)
3 creatures vanquished.

Vanquished Creatures (others)
  2 orc wizards (Orc:2)
  An orc priest (Orc:2)
  2 gnolls (D:2)
  6 fungi
  8 plants
19 creatures vanquished.

Grand Total: 705 creatures vanquished

Notes
Turn   | Place    | Note
-------+----------+-------------------------------------------
     0 | D:1      | sanboga the Gargoyle Berserker began the quest for the Orb.
     0 | D:1      | Reached XP level 1. HP: 14/14 MP: 1/1
    97 | D:1      | Reached XP level 2. HP: 19/19 MP: 2/2
   403 | D:2      | Found a faded altar of an unknown god.
   403 | D:2      | Found a radiant altar of Vehumet.
   416 | D:2      | Reached XP level 3. HP: 22/24 MP: 3/3
   751 | D:2      | Reached ** piety under Trog
   933 | D:2      | Reached XP level 4. HP: 29/29 MP: 4/4
  1287 | D:3      | Found an ornate altar of the Wu Jian Council.
  1327 | D:3      | Noticed Natasha
  1337 | D:3      | Killed Natasha
  1662 | D:3      | Reached XP level 5. HP: 31/33 MP: 5/5
  1826 | D:3      | Noticed Natasha
  1833 | D:3      | Killed Natasha
  1838 | D:3      | Noticed Natasha
  1846 | D:3      | Killed Natasha
  1869 | D:4      | Noticed a centaur
  1932 | D:4      | Noticed a centaur
  1944 | D:4      | Killed a centaur
  1944 | D:4      | Reached XP level 6. HP: 10/39 MP: 6/6
  1945 | D:4      | Reached skill level 5 in Axes
  2258 | D:4      | Found a runed translucent door.
  2259 | D:4      | Noticed Crazy Yiuf
  2451 | D:4      | Found an iron altar of Okawaru.
  2454 | D:4      | Found a snail-covered altar of Cheibriados.
  2456 | D:4      | Found an opulent altar of Gozag.
  2457 | D:4      | Found a hide-covered altar of Uskayaw.
  2533 | D:4      | Reached skill level 5 in Fighting
  2533 | D:4      | Reached XP level 7. HP: 21/44 MP: 7/7
  2853 | D:4      | Killed Crazy Yiuf
  2895 | D:5      | Entered Level 5 of the Dungeon
  2941 | D:5      | Found a basalt altar of Yredelemnul.
  3032 | D:5      | Found a white marble altar of Elyvilon.
  3107 | D:5      | Reached *** piety under Trog
  3351 | D:5      | Found a stormy altar of Qazlal.
  3425 | D:5      | Reached skill level 5 in Armour
  3549 | D:5      | Reached XP level 8. HP: 50/51 MP: 8/8
  3673 | D:6      | Found Fomuy's General Store.
  3679 | D:6      | Found an iron altar of Okawaru.
  3693 | D:6      | Bought a scroll of enchant weapon for 75 gold pieces
  3937 | D:6      | Reached **** piety under Trog
  4004 | D:6      | Reached XP level 9. HP: 56/56 MP: 9/9
  4407 | D:6      | Found an ancient bone altar of Kikubaaqudgha.
  4664 | D:7      | Identified the +11 hunting sling "Sode" {freeze, rElec
                  | Dex+2}
  4813 | D:7      | Found a staircase to the Ecumenical Temple.
  4833 | D:7      | Found a blossoming altar of Fedhas.
  5640 | D:8      | Found a stormy altar of Qazlal.
  5710 | D:8      | Reached ***** piety under Trog
  5944 | D:8      | Reached XP level 10. HP: 64/64 MP: 10/10
  6218 | D:9      | Found a burning altar of Makhleb.
  6395 | D:9      | Noticed a gargoyle
  6401 | D:9      | Killed a gargoyle
  6401 | D:9      | Reached skill level 10 in Axes
  6563 | D:10     | Entered Level 10 of the Dungeon
  6563 | D:10     | Noticed a skeletal warrior
  6564 | D:10     | Noticed a skeletal warrior
  6564 | D:10     | Noticed a skeletal warrior
  6565 | D:10     | Noticed a skeletal warrior
  6566 | D:10     | Noticed a skeletal warrior
  6578 | D:10     | Killed a skeletal warrior
  6580 | D:10     | Killed a skeletal warrior
  6582 | D:10     | Killed a skeletal warrior
  6982 | D:10     | Found a sacrificial altar of Ru.
  7004 | D:10     | Noticed Psyche
  7012 | D:10     | Paralysed by Psyche for 3 turns
  7019 | D:10     | Killed Psyche
  7019 | D:10     | Reached XP level 11. HP: 71/71 MP: 11/11
  7031 | D:10     | Identified the +3 chain mail of Kelluk {rPois MR+ Dex-3}
  7070 | D:10     | Noticed a two-headed ogre
  7081 | D:10     | Killed a two-headed ogre
  7125 | D:10     | Found a staircase to the Orcish Mines.
  7134 | D:10     | Killed a skeletal warrior
  7152 | D:10     | Killed a skeletal warrior
  7152 | D:10     | Reached skill level 10 in Fighting
  7338 | D:10     | You fall into a shaft and drop 2 floors!
  7347 | D:12     | Reached skill level 10 in Armour
  7570 | D:11     | Noticed a green ugly thing
  7829 | D:10     | Noticed Nergalle
  7858 | D:10     | Killed Nergalle
  7897 | D:10     | Reached ****** piety under Trog
  8066 | D:10     | Reached skill level 1 in Shields
  8177 | D:11     | Reached XP level 12. HP: 79/79 MP: 12/12
  8433 | D:11     | Received a gift from Trog
  8704 | D:11     | Found a staircase to the Lair.
  8998 | D:11     | Reached skill level 5 in Shields
  9031 | D:11     | Noticed a two-headed ogre
  9039 | D:11     | Killed a two-headed ogre
  9078 | D:11     | Identified the amulet of Cugh {+Rage Str+5}
  9183 | D:11     | Got a serpentine granite ring
  9190 | D:11     | Got a transparent garnet amulet
  9201 | D:11     | Got a scorched granite ring
  9429 | Lair:1   | Entered Level 1 of the Lair of Beasts
  9498 | Lair:1   | Noticed Joseph
  9516 | Lair:1   | Killed Joseph
 10505 | Lair:2   | Found a hole to the Spider Nest.
 10841 | Lair:2   | Reached XP level 13. HP: 84/84 MP: 13/13
 10888 | Lair:3   | You fall into a shaft and drop 2 floors!
 10948 | Lair:4   | Reached skill level 10 in Shields
 10968 | Lair:4   | Found a staircase to the Swamp.
 11618 | Lair:3   | Received a gift from Trog
 11623 | Lair:3   | Identified the ring "Xichiucy" {+Fly Dex+4} (You found it
                  | on level 11 of the Dungeon)
 11624 | Lair:3   | Identified the ring of Finality {*Tele Str+4} (You found it
                  | on level 11 of the Dungeon)
 12048 | Lair:4   | Noticed Rupert
 12048 | Lair:4   | Paralysed by Rupert for 3 turns
 12062 | Lair:4   | Killed Rupert
 13286 | Lair:5   | Noticed Urug
 13306 | Lair:5   | Killed Urug
 13306 | Lair:5   | Gained mutation: Your large and strong wings let you fly
                  | indefinitely. [Gargoyle growth]
 13306 | Lair:5   | Reached XP level 14. HP: 92/92 MP: 4/14
 14068 | Lair:5   | Identified the amulet "Gija" {Inacc rN+ Int+4} (You found
                  | it on level 11 of the Dungeon)
 14147 | Lair:6   | Entered Level 6 of the Lair of Beasts
 14161 | Lair:6   | Found a staircase to the Slime Pits.
 14161 | Lair:6   | Found a viscous altar of Jiyva.
 15128 | Lair:6   | Received a gift from Trog
 15308 | Lair:6   | Got a polished chain mail
 15312 | Lair:6   | Identified the +6 chain mail "Kiskad" {rCorr MP-9 Dex+7
                  | Stlth+} (You found it on level 6 of the Lair of Beasts)
 16085 | Lair:6   | Noticed a dire elephant
 16085 | Lair:6   | Noticed a dire elephant
 16097 | Lair:6   | Killed a dire elephant
 16101 | Lair:6   | Killed a dire elephant
 16101 | Lair:6   | Reached skill level 15 in Axes
 16167 | Lair:6   | Noticed a dire elephant
 16169 | Lair:6   | Noticed a dire elephant
 16187 | Lair:6   | Killed a dire elephant
 16197 | Lair:6   | Killed a dire elephant
 16435 | Lair:6   | Noticed a dire elephant
 16452 | Lair:6   | Killed a dire elephant
 16468 | Lair:6   | Noticed a dire elephant
 16494 | Lair:6   | Killed a dire elephant
 16825 | Orc:1    | Entered Level 1 of the Orcish Mines
 16828 | Orc:1    | Noticed an orc warlord
 16852 | Orc:1    | Killed an orc warlord
 16852 | Orc:1    | Reached XP level 15. HP: 99/99 MP: 2/15
 16926 | Orc:2    | Entered Level 2 of the Orcish Mines
 16968 | Orc:2    | Found a gate leading to a gauntlet.
 16977 | Gauntlet | Entered a Gauntlet
 16977 | Gauntlet | Found a transporter.
 16977 | Gauntlet | Found a transporter.
 16977 | Gauntlet | Found a transporter.
 17003 | Gauntlet | Found a transporter.
 17013 | Gauntlet | Found a transporter.
 17015 | Gauntlet | Found a transporter.
 17029 | Gauntlet | Found a transporter.
 17043 | Gauntlet | Found a runed translucent door.
 17045 | Gauntlet | Found a transporter.
 17047 | Gauntlet | Found a runed translucent door.
 17060 | Gauntlet | Found a transporter.
 17063 | Gauntlet | Found a transporter.
 17084 | Gauntlet | Found a transporter.
 17085 | Gauntlet | Found a transporter.
 17209 | Gauntlet | Got a pair of spiked boots
 17356 | Gauntlet | Reached skill level 15 in Shields
 17661 | Orc:2    | Found a roughly hewn altar of Beogh.
 17717 | Orc:2    | Noticed Saint Roka
 17750 | Orc:2    | Received a gift from Trog
 18119 | Orc:2    | Found Tinaely's Antique Weapon Shoppe.
 18119 | Orc:2    | Found a roughly hewn altar of Beogh.
 18126 | Orc:2    | Found Othruad's Antique Armour Emporium.
 18134 | Orc:2    | Bought a runed helmet for 300 gold pieces
 18146 | Orc:2    | Identified the +1 pair of boots "Taqumouz" {Str+6 Dex-5}
                  | (You found it in a Gauntlet)
 18244 | Orc:2    | Killed Saint Roka
 18254 | Orc:2    | Found a roughly hewn altar of Beogh.
 18323 | Orc:2    | Found a roughly hewn altar of Beogh.
 18326 | Orc:2    | Found Jicsyere's Book Emporium.
 18440 | Orc:2    | Found a roughly hewn altar of Beogh.
 18487 | Orc:2    | Paralysed by an ogre mage for 4 turns
 18499 | Orc:2    | Paralysed by an ogre mage for 3 turns
 18507 | Orc:2    | Received a gift from Trog
 18508 | Orc:2    | Found a runed translucent door.
 18820 | Orc:2    | Found a roughly hewn altar of Beogh.
 18831 | Orc:2    | Found Ykyrr's Gadget Shoppe.
 18882 | Orc:2    | Found the +10 large shield of Ignorance {rN+ Int-4}
 18934 | Orc:2    | Found a runed translucent door.
 19010 | Orc:2    | Found a staircase to the Elven Halls.
 19076 | Orc:2    | Found Koegg's Antique Armour Shoppe.
 19079 | Orc:2    | Bought a pair of embroidered gloves for 262 gold pieces
 19375 | Orc:1    | Found a runed translucent gate.
 19375 | Orc:1    | Noticed Dinant's ghost (journeyman DsMo)
 19376 | Orc:1    | Found a runed translucent gate.
 19376 | Orc:1    | Found a runed translucent gate.
 19422 | Orc:1    | Killed Dinant's ghost
 19671 | Orc:1    | Found a bloodstained altar of Trog.
 19750 | Orc:2    | Noticed an orc warlord
 19763 | Orc:2    | Noticed an orc warlord
 20068 | Orc:2    | Lost intelligence.
 20118 | Orc:2    | Gained mutation: Your mind is acute. (Int +2) [potion of
                  | mutation]
 20118 | Orc:2    | Gained mutation: Your spells are a little easier to cast,
                  | but a little less powerful. [potion of mutation]
 20118 | Orc:2    | Gained mutation: You are partially covered in molten
                  | scales. (AC +2) [potion of mutation]
 20140 | Orc:2    | HP: 3/100 [sixfirhy[an orange crystal statue] (4)]
 20145 | Orc:2    | Killed from afar by an orc priest

Levels and vault maps discovered:
D:1:      elethiomel_arrival_quiet, layout_rooms
D:2:      layout_rooms, fiery_altar_vehumet, first_ration,
          chequers_ecumenical_altar_simple_redux
D:3:      layout_rooms, old_standard_altar, uniq_natasha
D:4:      layout_basic, minitemple, minmay_manual_mares, uniq_crazy_yiuf_cottage
D:5:      layout_basic, kennysheep_ying_yang, kennysheep_mini_moat
D:6:      layout_cave_pods, lemuel_zombie_altar_kikubaaqudgha, serial_shops,
          shop, okawaru_ov_weapons_minmay
D:7:      layout_loops_ring, marbit_many_paths,
          minmay_temple_entry_stoned_glass, grunt_ogre_cave
D:8:      layout_gridville, nicolae_qazlal_eye_of_the_storm
D:9:      layout_rooms, basic_altar, glass_columns_b, nrook_campfire
D:10:     layout_irregular_city, david_orc_3, hangedman_ru_absence,
          uniq_nergalle, uniq_psyche
D:11:     minmay_the_grid_triangle_9x9_recursive_3
          [minmay_the_grid_triangle_9x9_corrupted_corridor,
          minmay_the_grid_triangle_9x9_windchime,
          minmay_the_grid_triangle_9x9_impossible_snake,
          minmay_the_grid_triangle_9x9_prize_special,
          minmay_the_grid_triangle_9x9_longest,
          minmay_the_grid_triangle_9x9_pentomino_pain,
          minmay_the_grid_triangle_9x9_checkered,
          minmay_the_grid_triangle_9x9_minimal,
          minmay_the_grid_triangle_9x9_negative_grid], layout_gridville
D:12:     layout_basic, drop_trap
Lair:1:   layout_chaotic_city, uniq_joseph
Lair:2:   layout_loops_ring, dummy_spider_entry, wad_woods_road_05,
          lemuel_fruit_tree
Lair:3:   layout_cave_pods, serial_bayou_pond_a, serial_bayou_shore_b
Lair:4:   cheibrodos_lair_river_kwai, layout_layer_cave,
          skrybe_swamp_entry_bodies, uniq_rupert
Lair:5:   layout_small_grid, st_stairs_9, uniq_urug
Lair:6:   due_jungle_book, layout_regular_city, slime_altar_1, ice2_lemuel,
          serial_bayou_shore_b, grunt_megastairs_1
Orc:1:    layout_diamond_mine, gammafunk_ghost_split, basic_altar
Orc:2:    grunt_orc_community_town_hall, layout_diamond_mine,
          grunt_orc_community_big_house_1, grunt_orc_community_big_house_2,
          grunt_orc_community_house_1, grunt_orc_community_house_1,
          grunt_orc_community_house_3, grunt_orc_community_house_3,
          grunt_orc_community_house_3, gauntlet_entry_generic, serial_shops,
          nicolae_shop_behind_doors, library_closet,
          chequers_guarded_unrand_ignorance

Skill      XL: |  1  2  3  4  5  6  7  8  9 10 11 12 13 14 15 |
---------------+----------------------------------------------+-----
Axes           | 3 4 5 6 7 9 10 12 13 14 15 | 15.8
Armour         | 3 4 5 6 7 9 10 11 12 13 | 13.5
Fighting       | 4 5 6 8 9 10 11 12 13 | 13.8
Shields        | 1 9 13 14 15 | 15.9
Dodging        | |  1.5

Action                   |  1- 3 |  4- 6 |  7- 9 | 10-12 | 13-15 || total
-------------------------+-------+-------+-------+-------+-------++-------
Melee: Hand axe          |    81 |     3 |       |       |       ||    84
       War axe           |       |    86 |   431 |   793 |   148 ||  1458
       Broad axe         |       |       |       |       |   966 ||   966
Invok: Berserk           |     1 |       |     1 |     5 |    15 ||    22
       Brothers in Arms  |       |       |       |       |     3 ||     3
       Trog's Hand       |       |       |       |       |     1 ||     1
 Abil: Fly               |       |       |       |       |     1 ||     1
Evoke: Wand              |       |     2 |       |       |     3 ||     5
  Use: Scroll            |       |       |    14 |     6 |    21 ||    41
       Potion            |       |       |       |     3 |     8 ||    11
 Stab: Petrifying        |       |       |       |       |     1 ||     1
       Petrified         |       |       |       |       |     1 ||     1
  Eat: Chunk             |       |     6 |    13 |    23 |    35 ||    77
       Ration            |       |       |       |       |     4 ||     4
Armor: Animal skin       |    13 |       |       |       |       ||    13
       Plate armour      |   116 |   107 |   287 |   619 |   498 ||  1627
       Chain mail        |       |       |       |       |   239 ||   239
Dodge: Dodged            |    50 |    43 |   131 |   275 |   428 ||   927
Block: Other             |       |       |    72 |   175 |   108 ||   355
       Reflection        |       |       |     6 |     2 |    15 ||    23
       Large shield      |       |       |       |       |   870 ||   870
